 Dungeon Crawl Stone Soup version 0.28-a0-1152-g9c71ebef14 (webtiles) character file.

Game seed: 10048498079526169345

46 spaghetti the Skirmisher (level 3, -1/31 HPs)
             Began as a Mummy Delver on Dec 14, 2021.
             Slain by an ufetubus (4 damage)
             ... on level 5 of the Dungeon.
             The game lasted 00:01:22 (731 turns).

spaghetti the Skirmisher (Mummy Delver)              Turns: 731, Time: 00:01:22

Health: -1/31      AC:  3    Str: 15    XL:     3   Next: 46%
Magic:  3/3        EV: 11    Int: 11    God:
Gold:   55         SH:  0    Dex: 13    Spells: 2/2 levels left

rFire   x . .      SeeInvis .   a - +0 falchion {long}
rCold   + . .      Faith    .   (no shield)
rNeg    + + +      Spirit   .   b - +0 leather armour
rPois   ∞          Reflect  .   (no helmet)
rElec   .          Harm     .   (no cloak)
rCorr   .          Rampage  .   (no gloves)
Will    .....                   (no boots)
Stlth   ++........              (no amulet)
HPRegen 0.10/turn               (no ring)
MPRegen 0.08/turn               (no ring)

@: no status effects
A: cold resistance 1, negative energy resistance 3, torment resistance 2, heat
vulnerability 1, no potions
a: no special abilities


You were on level 5 of the Dungeon.
You visited 1 branch of the dungeon, and saw 3 of its levels.

You collected 55 gold pieces.


Innate Abilities, Weirdness & Mutations

You are immune to poison.
Your flesh is cold resistant. (rC+)
You are immune to negative energy. (rN+++)
You are immune to unholy pain and torment.
You are vulnerable to heat. (rF-)
You do not drink.


   Skills:
 + Level 4.5 Fighting
 - Level 1.5 Long Blades
 - Level 1.5 Dodging
 - Level 4.1 Stealth


You had 2 spell levels left.
You didn't know any spells.
Your spell library contained the following spells:

 Spells                   Type           Power      Damage    Failure   Level
 Freeze                   Ice            0%         1d3       41%         1
 Frozen Ramparts          Ice            0%         1d2       78%         3
 Hailstorm                Conj/Ice       0%         3d3       99%         4

Inventory:

Hand Weapons
 a - a +0 falchion (weapon) {long}
Missiles
 g - 2 arrows
 h - 22 stones (quivered) {throwing}
Armour
 b - a +0 leather armour (worn)
Wands
 f - a wand of digging (3)
Scrolls
 c - a scroll of fog

Dungeon Overview and Level Annotations

Branches:
Dungeon (6/15)
 Temple: D:4-7

Altars:
Okawaru

#### #####
.... #...# ..#
#.<.# ...#
####...###.⌠.#
#......5.....#
#.8.....@/.###
#..........#
####.......#
#.........
#........8.
............#
#.⌠.###...####
#... #.>.#


You could see an ufetubus.


Message History

Your hp is fully restored (31).
Why would you want to do that? Why would you want to do that?
An ufetubus is nearby!
A jackal comes into view.
Found an iron altar of Okawaru.
The ufetubus shouts!
You hear a bark!
The ufetubus barely misses you. The ufetubus hits you.
The ufetubus closely misses you. The ufetubus misses you.
You hear a bark!
You barely miss the ufetubus. The ufetubus hits you. x2
You miss the ufetubus. The ufetubus misses you. The ufetubus hits you.
The jackal closely misses you. The ufetubus completely misses you.
The ufetubus barely misses you. The jackal closely misses you.
You closely miss the ufetubus.
The ufetubus hits you but does no damage.
The ufetubus barely misses you. The jackal misses you.
A jackal comes into view. x2
The ufetubus misses you. The ufetubus closely misses you.
The jackal bites you but does no damage.
You miss the ufetubus.
The jackal barks!
The ufetubus closely misses you. The ufetubus barely misses you.
The jackal barely misses you. The jackal closely misses you.
The ufetubus completely misses you. The ufetubus hits you.
The jackal bites you but does no damage.
You miss the ufetubus.
The ufetubus hits you but does no damage.
The ufetubus closely misses you. The jackal barely misses you.
The ufetubus hits you. The ufetubus barely misses you. The jackal bites you.
You are too injured to fight recklessly!
You are too injured to fight recklessly! 😮 HP[-12]
You take 12 damage, and now have 19/31 hp.
MASSIVE DAMAGE!! (PAUSE) Unknown command.
As you read the scroll of fear, it crumbles to dust.
You assume a fearsome visage.
The ufetubus looks frightened!
The jackal looks frightened! x4 😮 HP[+1]
Found a stone staircase leading down.
There is an iron altar of Okawaru here.
The ufetubus barely misses you. The ufetubus hits you. 😮 HP[-2]
You take 2 damage, and now have 18/31 hp.
The ufetubus closely misses you. The ufetubus hits you.
* * * LOW HITPOINT WARNING * * *
There is a stone staircase leading down here. 😨 HP[-3]
You take 3 damage, and now have 15/31 hp.
The ufetubus misses you. The ufetubus closely misses you.
You climb downwards.
There is a stone staircase leading up here. 😮 HP[+1] Unknown command.
Unknown command.
You closely miss the ufetubus.
Your attack snaps the ufetubus out of its fear.
The ufetubus barely misses you. The ufetubus hits you.
* * * LOW HITPOINT WARNING * * *
The ufetubus hits you.
* * * LOW HITPOINT WARNING * * *
The ufetubus hits you.
* * * LOW HITPOINT WARNING * * *
😨 HP[-5]
You take 5 damage, and now have 11/31 hp.
Unknown command.
Unknown command.
You closely miss the ufetubus. The ufetubus closely misses you.
The ufetubus barely misses you. The ufetubus closely misses you.
The ufetubus hits you.
* * * LOW HITPOINT WARNING * * *
😨 HP[-2]
You take 2 damage, and now have 9/31 hp.
Unknown command.
Unknown command.
You can't drink.
Throw: 22 stones {throwing}
Press: ? - help, Q - select action Shift-Dir - straight line, f - ufetubus
Aim: an ufetubus (40% to hit)
Okay, then.
Okay, then.
You can't drink.
Okay, then.
You closely miss the ufetubus. The ufetubus barely misses you.
The ufetubus closely misses you. The ufetubus hits you.
* * * LOW HITPOINT WARNING * * *
The ufetubus barely misses you. 😨 HP[-1]
You take 1 damage, and now have 8/31 hp.
Unknown command.
The ufetubus hits you.
* * * LOW HITPOINT WARNING * * *
The ufetubus closely misses you. 😱 HP[-2]
You take 2 damage, and now have 6/31 hp.
Found a stone staircase leading down.
The ufetubus hits you.
* * * LOW HITPOINT WARNING * * *
The ufetubus hits you.
You die...

Skill      XL: |  1  2 |
---------------+-------+-----
Fighting       | 4 |  4.5
Long Blades    | |  1.5
Dodging        | |  1.5
Stealth        | |  4.1

Action                   || total
-------------------------++-------
Melee: Falchion          ||    54
  Use: Scroll            ||     3
 Stab: Sleeping          ||     2
Armor: Leather armour    ||    18
Dodge: Dodged            ||    62

Levels and vault maps discovered:
D:4:      layout_basic, okawaru_gym_becter, kennysheep_decorative_pillar,
          kennysheep_cross_room
D:5:      minmay_octagon_keep, layout_rooms, minmay_misc_feat_cross,
          nicolae_elevator_lobby_asterisk
D:6:      nicolae_cairo_tiling_large_dashed, layout_loops_cross,
          lemuel_doored_altar

Notes
Turn   | Place    | Note
-------+----------+-------------------------------------------
     0 | D:5      | spaghetti the Mummy Delver began the quest for the Orb.
     0 | D:5      | Reached XP level 1. HP: 18/18 MP: 1/1
     0 | D:5      | magus.rc [v1.9.6]
     7 | D:5      | Noticed a phantom
    28 | D:5      | You pick up a book of Frost and begin reading...
    28 | D:5      | You add the spells Freeze, Frozen Ramparts and Hailstorm to
                  | your library.
    38 | D:5      | Reached XP level 2. HP: 14/25 MP: 2/2
   344 | D:4      | Reached skill level 4 in Fighting
   565 | D:4      | Reached XP level 3. HP: 28/31 MP: 3/3
   665 | D:4      | Noticed a scorpion
   698 | D:4      | Found an iron altar of Okawaru.
   729 | D:5      | HP: 6/31 [ufetubus (2)]
   731 | D:5      | Slain by an ufetubus

Vanquished Creatures
  A hound skeleton (D:4)
  A howler monkey skeleton (D:5)
  2 adders (D:4)
  An adder skeleton (D:4)
  A quokka (D:4)
6 creatures vanquished.

Table legend:
 A = Non-vault XP
 B = Vault XP
 C = Vault XP percentage of total XP
 D = Non-vault monster count
 E = Vault monster count
 F = Vault count percentage of total count
                 A         B        C        D         E       F
            +---------+---------+-------+---------+---------+-------
      Total |      67 |       0 |   0.0 |       6 |       0 |   0.0
            +---------+---------+-------+---------+---------+-------
        D:4 |      52 |       0 |   0.0 |       5 |       0 |   0.0
        D:5 |      15 |       0 |   0.0 |       1 |       0 |   0.0
            +---------+---------+-------+---------+---------+-------

Illustrated notes

Table legend:
 A = Kills in this place as a percentage of kills in entire the game.
 B = Kills by you in this place as a percentage of kills by you in the entire game.
 C = Kills by friends in this place as a percentage of kills by friends in the entire game.
 D = Other kills in this place as a percentage of other kills in the entire game.
 E = Experience gained in this place as a percentage of experience gained in the entire game.
 F = Experience gained in this place divided by the number of levels of this place that you have seen.
                   A       B       C       D       E      F
               +-------+-------+-------+-------+-------+----------------------
         Total | 100.0 | 100.0 |   N/A |   N/A | 100.0 |  22.3
       Dungeon | 100.0 | 100.0 |   N/A |   N/A | 100.0 |  22.3
               +-------+-------+-------+-------+-------+----------------------

Table legend: (Time is in decaauts)
 A = Elapsed time spent in this place.
 B = Non-inter-level travel time spent in this place.
 C = Inter-level travel time spent in this place.
 D = Time resting spent in this place.
 E = Time spent auto-exploring this place.
 F = Levels seen in this place.
 G = Mean time per level.
                   A        B        C        D        E       F      G
               +--------+--------+--------+--------+--------+-----+--------+
         Total |    743 |    704 |     39 |    196 |    344 |   3 |  247.7 |
       Dungeon |    743 |    704 |     39 |    196 |    344 |   3 |  247.7 |
               +--------+--------+--------+--------+--------+-----+--------+

Top non-repeatable levels by time:
     D:4: 692 daAuts
     D:5: 42 daAuts
     D:6: 8 daAuts
